 Dungeon Sprint DCSS version 0.27-a0-1281-ge233d83751 (webtiles) character file.

Game seed: 12814492379583215528

620 mhtbhm the Fighter (level 7, -34/53 HPs)
             Began as a Kobold Berserker on June 13, 2021.
             Was a Priest of Trog.
             Annihilated by a boulder beetle (40 damage)
             ... in the Dungeon (Sprint II: "The Violet Keep of Menkaure").
             The game lasted 00:01:44 (514 turns).

mhtbhm the Fighter (Kobold Berserker)                Turns: 514, Time: 00:01:45

Health: -34/53     AC:  2    Str: 17    XL:     7   Next: 75%
Magic:  7/7        EV: 17    Int:  8    God:    Trog [***...]
Gold:   729        SH:  0    Dex: 14    Spells: 6/6 levels left

rFire    . . .     SeeInvis .   a - +0 mace
rCold    . . .     Faith    .   (shield restricted)
rNeg     . . .     Spirit   .   b - +0 animal skin
rPois    .         Reflect  .   (no helmet)
rElec    .         Harm     .   (no cloak)
rCorr    .         Rampage  .   (no gloves)
Will     .....     NoTele   +   (no boots)
Stlth    ++........             (no amulet)
HPRegen  0.17/turn              (no ring)
MPRegen  0.10/turn              (no ring)

@: on berserk cooldown, slowed, very slow
A: small, no large weapons, nightstalker 3
a: Renounce Religion, Berserk, Trog's Hand


You were in the Dungeon.
You worshipped Trog.
Trog was most pleased with you.
You visited 1 branch You collected 729 gold pieces.

Inventory:

Hand Weapons
 a - a +0 mace (weapon)
Armour
 b - a +0 animal skin (worn)
Potions
 c - a potion of curing
 e - a potion of haste
 f - 2 potions of magic
 g - a potion of berserk rage


   Skills:
 + Level 10.8 Fighting
 + Level 9.7 Maces & Flails
 + Level 4.3 Armour
 + Level 7.0 Dodging
 + Level 0.6 Stealth


You had 6 spell levels left.
You didn't know any spells.
Your spell library was empty.

Dungeon Overview and Level Annotations

Branches:
Dungeon (1/1)

Altars:


Innate Abilities, Weirdness & Mutations

You are small and have problems with some larger weapons.
You are completely attuned to the shadows.


Message History

* * * LOW HITPOINT WARNING * * *
You are too injured to fight recklessly!
You are too injured to fight recklessly!
You are too injured to fight recklessly!
You are too injured to fight recklessly!
You are too injured to fight recklessly!
You are too injured to fight recklessly!
You are too injured to fight recklessly!
You are too injured to fight recklessly!
You are too injured to fight recklessly!
You are too injured to fight recklessly!
You are too injured to fight recklessly!
You are too injured to fight recklessly!
You are too injured to fight recklessly!
You are too injured to fight recklessly!
Okay, then.
Okay, then.
Okay, then.
Unknown command.
Okay, then.
Welcome back, mhtbhm the Kobold Berserker.
Trog says: Kill them all!
Press ? for a list of commands and other information.
Unknown command.
Blink to where?
Press: ? - help, Dir - move target You can't see that place. [the floor.]
Okay, then.
Unknown command.
Blink to where?
Press: ? - help, Dir - move target
As you read the scroll of blinking, it crumbles to dust.
Unknown command.
There is an open door, spattered with blood here.
The boulder beetle leaps!
The boulder beetle curls into a ball and begins rolling!
You close the door.
The boulder beetle hits you!!!
Ouch! That really hurt!
You die...

##+## ##.○.##
#.B#..#
####@#.####
#.###+###.##
#.##.##...#
+###'.<.'##.+
#.#.##.##†###
##.###'###.#
### .#$ ###
.B .. ##. .##


You could see a boulder beetle (rolling).

Vanquished Creatures
  2 wyverns (D)
  4 necrophages (D)
  3 worms (D)
9 creatures vanquished.

Vanquished Creatures (others)
  A water moccasin (D)
1 creature vanquished.

Grand Total: 10 creatures vanquished

Notes
Turn   | Place    | Note
-------+----------+-------------------------------------------
     0 | D        | mhtbhm the Kobold Berserker began the quest for the Orb.
     0 | D        | Reached XP level 1. HP: 14/14 MP: 1/1
     1 | D        | Noticed a necrophage
     1 | D        | Noticed a necrophage
     1 | D        | Noticed a necrophage
     1 | D        | Noticed a necrophage
     9 | D        | Killed a necrophage
    10 | D        | Reached skill level 6 in Fighting
    10 | D        | Reached skill level 5 in Maces & Flails
    10 | D        | Reached XP level 2. HP: 23/23 MP: 2/2
    10 | D        | Reached XP level 3. HP: 28/28 MP: 3/3
    10 | D        | Reached XP level 4. HP: 32/32 MP: 4/4
    12 | D        | Killed a necrophage
    13 | D        | Reached skill level 8 in Fighting
    13 | D        | Reached skill level 5 in Dodging
    13 | D        | Reached XP level 5. HP: 35/39 MP: 5/5
    17 | D        | Killed a necrophage
    17 | D        | Reached ** piety under Trog
    18 | D        | Reached skill level 9 in Fighting
    18 | D        | Reached XP level 6. HP: 43/46 MP: 6/6
    27 | D        | Killed a necrophage
   132 | D        | Killed a water moccasin
   225 | D        | Noticed a wyvern
   225 | D        | Noticed a wyvern
   235 | D        | Killed a wyvern
   236 | D        | Reached skill level 10 in Fighting
   236 | D        | Reached XP level 7. HP: 53/53 MP: 7/7
   289 | D        | Killed a wyvern
   289 | D        | Reached *** piety under Trog
   488 | D        | Noticed a boulder beetle
   488 | D        | Noticed a boulder beetle
   514 | D        | Annihilated by a boulder beetle

Illustrated notes

Levels and vault maps discovered:
D:        the_violet_keep_of_menkaure [sprint2_stairs_cluster_1,
          sprint2_shoproom, sprint2_temple, sprint2_basic_supplies,
          sprint2_obstacle_1, sprint2_obstacle_6, sprint2_obstacle_3,
          sprint2_obstacle_4, sprint2_obstacle_5, sprint2_timed_cluster_1,
          sprint2_smallroom_cluster_1, sprint2_smallroom_final_cluster_1,
          sprint2_transparent_cluster_1, sprint2_second_timed_cluster_1,
          sprint2_sniper_area_1, sprint2_heavy_combat_area_1,
          sprint2_mutation_trap_area_1, sprint2_forest_area_1,
          sprint2_light_combat_area_1, sprint2_behind_water_1,
          sprint2_near_end_vault_1]

Skill      XL: |  1  2  3  4  5  6  7 |
---------------+----------------------+-----
Fighting       | 6 8 9 10 | 10.8
Maces & Flails | 5 6 7 9 |  9.7
Armour         | 2 3 4 |  4.3
Dodging        | 4 5 6 7 |  7.0
Stealth        | |  0.6

Action                   |  1- 3 |  4- 6 |  7- 9 || total
-------------------------+-------+-------+-------++-------
Melee: Mace              |     7 |    20 |    31 ||    58
Invok: Berserk           |     1 |     1 |     2 ||     4
  Use: Potion            |       |     1 |       ||     1
       Scroll            |       |       |     1 ||     1
Armor: Animal skin       |       |     1 |     2 ||     3
Dodge: Dodged            |     3 |    13 |    16 ||    32

Table legend: (Time is in decaauts)
 A = Elapsed time spent in this place.
 B = Non-inter-level travel time spent in this place.
 C = Inter-level travel time spent in this place.
 D = Time resting spent in this place.
 E = Time spent auto-exploring this place.
 F = Levels seen in this place.
 G = Mean time per level.
                   A        B        C        D        E       F      G
               +--------+--------+--------+--------+--------+-----+--------+
         Total |    548 |    548 |      0 |    411 |      0 |   1 |  548.0 |
       Dungeon |    548 |    548 |      0 |    411 |      0 |   1 |  548.0 |
               +--------+--------+--------+--------+--------+-----+--------+

Top non-repeatable levels by time:
       D: 548 daAuts
